 Seeded DCSS version 0.30.1-9-gdf580d7c3d (webtiles) character file.

Game seed: 7547814903460644772 (custom seed)

18820 Psyclone the Thaumaturge (level 12, 0/87 HPs)
             Began as an Octopode Venom Mage on Sept 27, 2023.
             Was an Initiate of Gozag.
             Slain by a hell hog (16 damage)
             ... in a volcano.
             The game lasted 00:52:56 (14796 turns).

Psyclone the Thaumaturge (Octopode Venom Mage)     Turns: 14796, Time: 00:52:57

Health: 0/87       AC:  5    Str:  8    XL:     12   Next: 62%
Magic:  19/26      EV: 19    Int: 30    God:    Gozag
Gold:   1184       SH:  0    Dex: 19    Spells: 2/32 levels left

rFire   + . .        b - +7 dagger (venom)
rCold   . . .        (no shield)
rNeg    + . .        (helmet restricted)
rPois   .            (no amulet)
rElec   +            j - +6 ring of intelligence
rCorr   .            e - +6 ring of dexterity
SInv    .            B - ring of wizardry
Will    .....        E - ring of protection from fire
Stlth   ++++         G - ring "Yhoivom" {rElec rN+ AC+4 Int+3 Stlth+}
HPRegen 0.34/turn    (no ring)
MPRegen 0.20/turn    (no ring)
                     (no ring)

%: wizardry (x1)
@: no status effects
A: almost no armour, amphibious, 8 rings, camouflage 1, gelatinous body 1,
(nimble swimmer 1), tentacles
a: Renounce Religion, Potion Petition, Call Merchant, Bribe Branch


You were in a volcano.
You worshipped Gozag.
Gozag was most pleased with you.
You visited 2 branches of the dungeon, and saw 12 of its levels.
You also visited: Sewer and Volcano.

You collected 3243 gold pieces.
You spent 696 gold pieces at shops.
You paid 1363 gold pieces to Gozag.

Inventory:

Hand Weapons
 b - a +7 dagger of venom (weapon)
Missiles
 l - a throwing net {!f}
Magical Staves
 a - a staff of cold
 A - the staff of fire "Iseux" {rElec rF+ Will++ Str+3}
   (You acquired it on level 1 of the Orcish Mines)

   [staff of fire]

   Base accuracy: +5 Base damage: 5 Base attack delay: 1.2 This weapon's minimum
   attack delay (0.6) is reached at skill level 12.
   Str:       It affects your strength (+3).
   rF:        It protects you from fire.
   rElec:     It insulates you from electricity.
   Will:      It greatly increases your willpower.
   It falls into the 'Staves' category.
   It is a one-tentacled weapon.
Jewellery
 e - a +6 ring of dexterity (right tentacle)
 j - a +6 ring of intelligence (left tentacle)
 B - a ring of wizardry (on tentacle)
 E - a ring of protection from fire (on tentacle)
 G - the ring "Yhoivom" (on tentacle) {rElec rN+ AC+4 Int+3 Stlth+}
   (You bought it in a shop on level 6 of the Dungeon)

   [ring of protection]

   AC:        It affects your AC (+4).
   Int:       It affects your intelligence (+3).
   rElec:     It insulates you from electricity.
   rN:        It protects you from negative energy.
   Stlth:     It makes you more stealthy.
 I - a ring of ice
Wands
 C - a wand of paralysis (19)
 D - a wand of flame (26)
 J - a wand of digging (4)
 N - a wand of acid (12)
Scrolls
 d - 3 scrolls of enchant armour {unknown}
 h - 2 scrolls of magic mapping
 k - 12 scrolls of identify {unknown}
 m - 2 scrolls of poison {unknown}
 p - 3 scrolls of immolation {unknown}
 q - a scroll of vulnerability {unknown}
 r - 4 scrolls of teleportation
 s - 3 scrolls of amnesia {unknown}
 w - a scroll of silence {unknown}
 H - a scroll of summoning {unknown}
 M - a scroll of noise {unknown}
Potions
 c - 5 potions of attraction {unknown}
 f - 5 potions of haste {unknown}
 g - a potion of cancellation {unknown}
 i - a potion of flight {unknown}
 n - 3 potions of degeneration {unknown}
 o - 2 potions of brilliance {unknown}
 t - a potion of resistance
 v - 2 potions of mutation {unknown}
 x - a potion of curing
 y - 2 potions of might {unknown}
 z - 2 potions of berserk rage {unknown}
 F - 2 potions of invisibility {unknown}
 K - a potion of magic
 L - a potion of lignification {unknown}


   Skills:
 - Level 10.0 Fighting
 - Level 10.0 Dodging
 - Level 2.6 Stealth
 - Level 10.6 Spellcasting
 + Level 2.4 Conjurations
 - Level 8.0 Transmutations
 - Level 8.0 Fire Magic
 - Level 8.0 Poison Magic


You had 2 spell levels left.
You knew the following spells:

 Your Spells              Type           Power      Damage    Failure   Level
a - Poisonous Vapours     Pois/Air       80%        N/A       1%          2
b - Lesser Beckoning      Tloc           30%        N/A       1%          2
c - Sticky Flame          Conj/Fire      47%        2d6       1%          4
d - Mephitic Cloud        Conj/Pois/Air  36%        N/A       1%          3
e - Inner Flame           Hex/Fire       39%        N/A       1%          3
f - Freezing Cloud        Conj/Ice/Air   10%        6-21      26%         5
q - Blink                 Tloc           30%        N/A       1%          2
s - Ignite Poison         Fire/Tmut/Pois 59%        N/A       1%          3
t - Apportation           Tloc           30%        N/A       1%          1
v - Sting                 Tmut/Pois      100%       1d8       1%          1
x - Olgreb's Toxic Radia  Pois           59%        N/A       1%          4

Your spell library contained the following spells:

 Spells                   Type           Power      Damage    Failure   Level
 Necrotise                Necr           60%        1d7       1%          1
 Summon Small Mammal      Summ           60%        N/A       1%          1
 Volatile Blastmotes      Fire/Tloc      78%        2d16      1%          3
 Gell's Gravitas          Tloc           15%        N/A       4%          3
 Teleport Other           Tloc           15%        N/A       4%          3
 Yara's Violent Unravell  Hex/Tmut       19%        3d9       8%          5
 Fulminant Prism          Conj/Hex       11%        3d9       9%          4
 Iskenderun's Mystic Bla  Conj/Tloc      23%        2d6       9%          4
 Manifold Assault         Tloc           15%        N/A       13%         4
 Lee's Rapid Deconstruct  Erth           7%         3d7*      34%         5
 Storm Form               Tmut/Air       19%        N/A       89%         7
 Ignition                 Fire           29%        3d9       96%         8
 Enfeeble                 Hex            7%         N/A       100%        7


Dungeon Overview and Level Annotations

Branches:
Dungeon (11/15) Zot: 25176  Temple (0/1) D:6            Lair (0/5) D:9
    Orc (1/2) D:11 Zot: 5624   Sewer (visited)         Volcano (1/1) Zot: 5937

Altars:
Ashenzari
Cheibriados
Elyvilon
Fedhas
Gozag
Hepliaklqana
Kikubaaqudgha
Makhleb
Nemelex Xobeh
Okawaru
Ru
Trog
Wu Jian
Yredelemnul
Zin

Shops:
D:5 (   D:6 =   Orc:1 *

Annotations:
D:6 2 transporters, lonewolfV2's ghost, novice HuFi
D:7 2 transporters, riellis1's ghost, novice FoGl
D:8 3 runed translucent doors, dragonking145's ghost, novice GrFi; middlethird's ghost, novice FoNe
D:9 2 transporters, chicagocrazy's ghost, journeyman MiFi


Innate Abilities, Weirdness & Mutations

You cannot wear most types of armour.
You are amphibious.
You can wear up to eight rings at the same time.
Your skin changes colour to match your surroundings (Stealth+).
Your rubbery body absorbs attacks. (AC +1, EV +1)
((You are camouflaged when in or above water. (Stealth+)))
You have tentacles for arms and can constrict up to eight enemies at once.


Message History

You constrict the hell hog. The hell hog bites you! The fire bat misses you.
You take 13 damage, and have 30/87 hp.
You now have 20/26 mp.
Casting: Poisonous Vapours (safe; 1% risk of failure)
Confirm with . or Enter, or press ? or * to list all spells.
Aiming: Poisonous Vapours (safe; 1% risk of failure)
Press: ? - help, Dir - move target, f/p - hell hog
Aim: a hell hog (heavily wounded, constricted by you, extremely poisoned) Poisonous vapours surround the hell hog!
The hell hog looks as sick as possible!
You constrict the hell hog. The fire bat barely misses you.
The fire bat bites you.
* * * LOW HITPOINT WARNING * * *
You are engulfed in flames.
You resist.
* * * LOW HITPOINT WARNING * * *
The hell hog breathes fire at you.
The fireball explodes!
The fireball engulfs you! You resist.
* * * LOW HITPOINT WARNING * * *
The fireball engulfs the fire bat.
The fire bat completely resists.
The fireball engulfs the hell hog.
The hell hog completely resists.
The fire bat closely misses you.
You hear an angry hiss.
You take 16 damage, and have 14/87 hp.
You now have 18/26 mp.
You feel much better.
You constrict the hell hog.
The fire bat looks more healthy.
The fire bat misses you. The hell hog bites you! x2
* * * LOW HITPOINT WARNING * * *
You take 2 damage, and have 12/87 hp.
Press: ? - help, v - describe, . - travel, g - get item Item here: a murky emerald potion.
The floor.
Unknown command.
You feel much better.
You constrict the hell hog. The hell hog bites you.
The fire bat barely misses you.
You regained 18 hp, and now have 30/87 hp.
You puncture the hell hog!
The hell hog looks as sick as possible!
The hell hog is almost dead.
You constrict the hell hog. The fire bat misses you. The hell hog bites you!
* * * LOW HITPOINT WARNING * * *
The hell hog bites you!
You die...
Your body crumbles into a pile of gold.

###...≈≈§§≈≈≈§≈≈≈§....
#....≈≈≈§§§§≈§§≈≈....#
##...≈§≈§§§§§§≈≈§§....
##....≈≈§§§§§≈§≈≈.....#
.......§≈≈≈§≈≈≈§.......
###.#...............#
#######.#######..####
≈§§§# ### ##.# ≈≈≈##
#@# ≈≈§# #.#hb$# §≈##
#!$bb§# ### ≈≈ ?§§§§ #
##≈ ≈§§§## ## ≈§≈##
#○○# ○##


You could see a hell hog (extremely poisoned) and 3 fire bats.

Vanquished Creatures
  Harold (D:11)
  Erica (D:11)
  2 two-headed ogres (D:11)
  An orc high priest (Orc:1)
  2 tengu warriors (D:11)
  Urug (D:11)
  An ugly thing (D:11)
  A cyclops (D:11)
  Maurice (D:9)
  A gargoyle (D:11)
  A kobold demonologist (D:9)
  2 trolls
  2 hornets
  A water elemental (D:11)
  3 shadows
  5 wyverns
  15 yaks
  2 vampires (D:10)
  A wraith (D:9)
  A steam dragon (D:6)
  A warg (Orc:1)
  3 acid dragons
  Duvessa (D:6)
  7 water moccasins
  7 orc warriors
  A hell hound (Volcano)
  An ice beast (D:7)
  A sky beast (D:7)
  4 black bears
  A meliai simulacrum (D:11)
  Pargi (Sewer)
  5 ogres
  7 centaurs
  A phantom (D:6)
  2 kobold brigands (D:9)
  A bullfrog (D:9)
  2 gnoll sergeants
  4 scorpions
  7 wights
  Dowan (D:6)
  11 killer bees (D:10)
  An electric eel (D:11)
  6 howler monkeys
  A jelly (D:6)
  A sleepcap (D:5)
  Crazy Yiuf (D:3)
  11 orc priests
  2 gnoll boudas
  5 hounds
  Jessica (D:2)
  Natasha (thrice) (D:3)
  14 orc wizards
  16 gnolls
  8 adders
  A river rat (D:4)
  A shadow imp (D:7)
  2 white imps
  7 worms
  2 dart slugs
  42 orcs
  4 ball pythons
  4 bats
  4 endoplasms
  2 giant cockroaches
  9 goblins
  10 hobgoblins
  7 jackals
  2 quokkas (D:2)
  4 frilled lizards
  14 kobolds
  2 rats (D:1)
301 creatures vanquished.

Notes
Turn   | Place    | Note
-------+----------+-------------------------------------------
     0 | D:1      | Psyclone the Octopode Venom Mage began the quest for the
                  | Orb.
     0 | D:1      | Reached XP level 1. HP: 11/11 MP: 3/3
   251 | D:3      | Reached XP level 2. HP: 13/17 MP: 5/5
   428 | D:5      | Entered Level 5 of the Dungeon
   432 | D:5      | Found an opulent altar of Gozag.
   433 | D:5      | Found an iron altar of Okawaru.
   433 | D:5      | Found a sacrificial altar of Ru.
   436 | D:5      | Became a worshipper of Gozag Ym Sagoz the Greedy
   496 | D:4      | Learned a level 2 spell: Poisonous Vapours
   505 | D:4      | Reached skill level 5 in Poison Magic
   505 | D:4      | Reached XP level 3. HP: 16/21 MP: 1/6
   641 | D:4      | Found a glowing drain.
   645 | D:4      | Reached XP level 4. HP: 27/27 MP: 7/7
   664 | Sewer    | Entered a sewer
   789 | Sewer    | Noticed Pargi
   803 | Sewer    | Killed Pargi
   804 | Sewer    | Reached XP level 5. HP: 23/31 MP: 3/8
  1200 | D:1      | Found a faded altar of an unknown god.
  2229 | D:2      | Noticed Jessica
  2234 | D:2      | Killed Jessica
  2235 | D:2      | Reached XP level 6. HP: 33/36 MP: 0/9
  2344 | D:2      | Reached XP level 7. HP: 54/54 MP: 10/17
  2345 | D:2      | Reached XP level 8. HP: 63/63 MP: 10/19
  2351 | D:2      | Learned a level 4 spell: Olgreb's Toxic Radiance
  2555 | D:3      | Found an ornate altar of the Wu Jian Council.
  2578 | D:3      | Noticed Natasha
  2589 | D:3      | Killed Natasha
  2674 | D:3      | Found a runed translucent door.
  2675 | D:3      | Noticed Crazy Yiuf
  2686 | D:3      | Killed Crazy Yiuf
  2993 | D:3      | Found a broken altar of Ashenzari.
  3095 | D:3      | Noticed Natasha
  3103 | D:3      | Killed Natasha
  3136 | D:3      | Noticed Natasha
  3141 | D:3      | Killed Natasha
  3893 | D:4      | Found a burning altar of Makhleb.
  3900 | D:4      | Found a glowing silver altar of Zin.
  3900 | D:4      | Noticed a balrug
  3900 | D:4      | Noticed an angel
  3970 | D:4      | Found a basalt altar of Yredelemnul.
  4168 | D:4      | Found a sparkling altar of Nemelex Xobeh.
  4329 | D:5      | Found an ancient bone altar of Kikubaaqudgha.
  4330 | D:5      | Found a blossoming altar of Fedhas.
  4339 | D:5      | Found Roossoev's Hydra Hut.
  4339 | D:5      | Noticed a five-headed hydra
  4443 | D:5      | Reached XP level 9. HP: 55/70 MP: 9/21
  4812 | D:5      | Reached skill level 10 in Dodging
  5062 | D:5      | Found a white marble altar of Elyvilon.
  5105 | D:5      | Learned a level 2 spell: Blink
  5117 | D:5      | Learned a level 3 spell: Inner Flame
  5503 | D:6      | Found a transporter.
  5507 | D:6      | Found a transporter.
  5508 | D:6      | Noticed lonewolfV2's ghost (novice HuFi)
  5539 | D:6      | Noticed a hornet
  5565 | D:6      | Found a staircase to the Ecumenical Temple.
  5581 | D:6      | Reached skill level 10 in Fighting
  5800 | D:6      | Found a snail-covered altar of Cheibriados.
  5839 | D:6      | Found a bloodstained altar of Trog.
  6379 | D:6      | Noticed Duvessa
  6380 | D:6      | Noticed Dowan
  6386 | D:6      | Killed Dowan
  6393 | D:6      | Killed Duvessa
  6609 | D:7      | Found a hazy altar of Hepliaklqana.
  6613 | D:7      | Found a transporter.
  6794 | D:7      | Reached XP level 10. HP: 76/76 MP: 18/22
  7533 | D:7      | Noticed riellis1's ghost (novice FoGl)
  7533 | D:7      | Noticed a cyclops
  7581 | D:6      | Bought the ring "Yhoivom" {rElec rN+ AC+4 Int+3 Stlth+} for
                  | 696 gold pieces
  7620 | D:7      | Found a transporter.
  8628 | D:8      | Found a runed translucent gate.
  8629 | D:8      | Found a runed translucent gate.
  8630 | D:8      | Found a runed translucent gate.
  8630 | D:8      | Noticed dragonking145's ghost (novice GrFi)
  8630 | D:8      | Noticed middlethird's ghost (novice FoNe)
  9084 | D:9      | Noticed a kobold demonologist
  9091 | D:9      | Killed a kobold demonologist
  9345 | D:9      | Reached skill level 10 in Spellcasting
  9361 | D:10     | Entered Level 10 of the Dungeon
  9985 | D:10     | Learned a level 1 spell: Apportation
  9991 | D:10     | Learned a level 3 spell: Ignite Poison
  9995 | D:10     | Learned a level 3 spell: Mephitic Cloud
  9998 | D:10     | Learned a level 2 spell: Lesser Beckoning
 10060 | D:10     | Reached XP level 11. HP: 28/81 MP: 13/25
 10303 | D:9      | Reached skill level 1 in Fire Magic
 10306 | D:9      | Noticed Maurice
 10318 | D:9      | Killed Maurice
 10841 | D:9      | Found a transporter.
 10844 | D:9      | Found a bloodstained altar of Trog.
 10846 | D:9      | Noticed a two-headed ogre
 10846 | D:9      | Noticed chicagocrazy's ghost (journeyman MiFi)
 10853 | D:9      | Noticed a two-headed ogre
 10853 | D:9      | Noticed a deep troll
 10863 | D:9      | Noticed a two-headed ogre
 11045 | D:9      | Learned a level 4 spell: Sticky Flame
 11061 | D:9      | Noticed a moth of wrath
 11178 | D:9      | Found a transporter.
 11427 | D:9      | Reached skill level 5 in Transmutations
 11548 | D:9      | Found a staircase to the Lair.
 12215 | D:10     | Reached skill level 5 in Fire Magic
 12534 | D:11     | Noticed Erica
 12539 | D:11     | Killed Erica
 12585 | D:11     | Noticed a two-headed ogre
 12587 | D:11     | Noticed a tengu warrior
 12587 | D:11     | Noticed a tengu warrior
 12594 | D:11     | Killed a tengu warrior
 12594 | D:11     | Killed a two-headed ogre
 12595 | D:11     | Reached XP level 12. HP: 87/87 MP: 11/26
 12597 | D:11     | Killed a tengu warrior
 12878 | D:11     | Found a staircase to the Orcish Mines.
 13218 | D:11     | Noticed Harold
 13237 | D:11     | Killed Harold
 13377 | D:11     | Noticed a two-headed ogre
 13394 | D:11     | Killed a two-headed ogre
 13652 | D:11     | Noticed Urug
 13655 | D:11     | Killed Urug
 14358 | Orc:1    | Entered Level 1 of the Orcish Mines
 14500 | Orc:1    | Noticed an orc high priest
 14503 | Orc:1    | Killed an orc high priest
 14504 | Orc:1    | Reached skill level 1 in Conjurations
 14559 | Orc:1    | Found a dark tunnel.
 14671 | Orc:1    | Learned a level 5 spell: Freezing Cloud
 14671 | Orc:1    | Identified a scroll of acquirement
 14671 | Orc:1    | Acquired the staff of fire "Iseux" {rElec rF+ Will++ Str+3}
 14734 | Volcano  | Entered a volcano
 14785 | Volcano  | Noticed a hell hog
 14796 | Volcano  | Slain by a hell hog

Illustrated notes

Levels and vault maps discovered:
D:1:      lordsloth_arrival_two_stooges, layout_basic,
          chequers_ecumenical_altar_simple
D:2:      layout_loops_ring, uniq_jessica
D:3:      layout_loops_cross, ashenzari_conservatory_becter,
          nzn_wu_jian_council_hall, chequers_serial_rivers_room_a,
          grunt_decor_cap, hangedman_abyss_or_decor_lesser_grid,
          hangedman_decor_peaks_small, minmay_gold_behind_fungi, uniq_natasha,
          uniq_crazy_yiuf_cottage
D:4:      layout_loops_ring, grunt_temple_overflow_order_and_chaos_2,
          yredelemnul_altar_generic, nemelex_dance_club_becter,
          gup_sewer_entry_bubbles
D:5:      layout_loops_ring, grunt_temple_overflow_growth_and_decay,
          nicolae_overflow_quartered_altars, doesnt_shop_hydraphobe
D:6:      layout_gridville, mainiacjoe_overflow_boulevard, slow_altar_1,
          minmay_temple_entry_glass, gammafunk_ghost_hive, uniq_duvessa
D:7:      layout_cave_pools, mainiacjoe_overflow_catwalk, nzn_ghost_randoct
D:8:      layout_cave_pods, gammafunk_ghost_cemetery
D:9:      layout_rooms, minmay_lair_entry_grove,
          gammafunk_ghost_wrathful_warriors, st_stairs_5,
          minmay_splitting_lines, hangedman_decor_opposing, uniq_maurice
D:10:     layout_roguey, serial_park_tiny_pond
D:11:     kennysheep_six_static_rooms, layout_loops_corners,
          minmay_orc_entry_temple_small, water_maze_lemuel, uniq_erica,
          uniq_urug, uniq_harold
Orc:1:    layout_caves, nicolae_volcano_entry_lava_flow
Volcano:  volcano_pools

Skill      XL: |  1  2  3  4  5  6  7  8  9 10 11 12 |
---------------+-------------------------------------+-----
Poison Magic   | 4 5 7 8 |  8.0
Fighting       | 7 9 10 | 10.0
Dodging        | 7 9 10 | 10.0
Spellcasting   | 6 7 8 10 | 10.6
Fire Magic     | 5 8 |  8.0
Transmutations | 6 8 |  8.0
Conjurations   | 2 |  2.4
Stealth        | |  2.6

Action                     |  1- 3 |  4- 6 |  7- 9 | 10-12 || total
---------------------------+-------+-------+-------+-------++-------
  Melee: Dagger            |    35 |    54 |   102 |   218 ||   409
         Tentacles         |    10 |     9 |    26 |    73 ||   118
         Constrict         |    10 |    11 |    22 |    41 ||    84
         Punch             |       |       |     1 |     4 ||     5
   Cast: Sting             |     8 |     4 |     7 |     2 ||    21
         Poisonous Vapours |     4 |    19 |    79 |    58 ||   160
         Olgreb's Toxic Ra |       |       |    17 |    52 ||    69
         Mephitic Cloud    |       |       |       |    16 ||    16
         Ignite Poison     |       |       |       |    37 ||    37
         Blink             |       |       |       |     2 ||     2
         Apportation       |       |       |       |     1 ||     1
         Sticky Flame      |       |       |       |     5 ||     5
 Invoke: Call Merchant     |       |       |     1 |     1 ||     2
  Evoke: Wand              |       |       |       |     3 ||     3
    Use: Potion            |       |     1 |     1 |     4 ||     6
         Scroll            |       |       |       |     7 ||     7
   Stab: Sleeping          |     3 |    12 |     5 |    16 ||    36
         Paralysed         |       |       |       |     2 ||     2
         Distracted        |       |       |       |     2 ||     2
 Armour: Skin              |     4 |     4 |     4 |    36 ||    48
  Dodge: Dodged            |    19 |    28 |    73 |   241 ||   361
